 Dungeon Crawl Stone Soup version 0.28.0 (webtiles) character file.

Game seed: 16137097134267827863

1079 bromine the Chopper (level 8, 0/73 HPs)
             Began as a Deep Dwarf Berserker on Feb 15, 2022.
             Was a Priest of Trog.
             Splashed by a jelly's acid (7 damage)
             ... on level 6 of the Dungeon.
             The game lasted 00:18:15 (3835 turns).

bromine the Chopper (Deep Dwarf Berserker)          Turns: 3835, Time: 00:18:16

Health: 0/73       AC: -6    Str: 21    XL:     8   Next: 8%
Magic:  5/5        EV:  9    Int: 10    God:    Trog [***...]
Gold:   210        SH:  0    Dex: 12    Spells: 7/7 levels left

rFire   . . .      SeeInvis .   j - +0 trident (protect)
rCold   . . .      Faith    .   (no shield)
rNeg    . . .      Spirit   .   d - +1 chain mail
rPois   .          Reflect  .   (no helmet)
rElec   .          Harm     .   (no cloak)
rCorr   .          Rampage  .   (no gloves)
Will    +....                   (no boots)
Stlth   ..........              (no amulet)
HPRegen 0.00/turn               (no ring)
MPRegen 0.09/turn               (no ring)

@: corroded, under a protective aura
A: damage resistance, heal wounds, sense surroundings 1, no regeneration
a: Heal Wounds, Renounce Religion, Berserk, Trog's Hand


You were on level 6 of the Dungeon.
You worshipped Trog.
Trog was most pleased with you.
You visited 1 branch of the dungeon, and saw 6 of its levels.

You collected 210 gold pieces.

Inventory:

Hand Weapons
 a - a +0 vorpal hand axe
 j - a +0 trident of protection (weapon)
Armour
 b - a +0 animal skin
 d - a +1 chain mail (worn)
 o - a +1 hat
Jewellery
 n - a ring of protection from cold
 p - a ring of willpower
Wands
 g - a wand of iceblast (6)
Scrolls
 c - 3 scrolls of brand weapon
 m - a scroll of blinking
Potions
 e - a potion of curing {unknown}
 f - a potion of invisibility {unknown}
 h - 2 potions of resistance {unknown}
 l - 2 potions of attraction {unknown}
 q - a potion of heal wounds


   Skills:
 + Level 4.8 Fighting
 + Level 6.9(7.3) Axes
 + Level 2.6(4.5) Polearms
 + Level 5.4 Armour
 + Level 3.5 Dodging
 + Level 0.5 Stealth


You had 7 spell levels left.
You didn't know any spells.
Your spell library was empty.

Dungeon Overview and Level Annotations

Branches:
Dungeon (6/15)
 Temple: D:4-7

Altars:
Ashenzari
Cheibriados
Dithmenos
Gozag
Kikubaaqudgha
Uskayaw


Innate Abilities, Weirdness & Mutations

You are resistant to damage.
You can heal yourself by infusing magical energy.
You passively map a small area around you.
You do not regenerate.


Message History

You hit the jelly but do no damage. The acid corrodes you!
Your hands burn!
The jelly is moderately wounded.
The jelly barely misses you.
You hit the jelly but do no damage.
Your hands burn!
The jelly is moderately wounded.
The jelly hits you but does no damage.
You hit the jelly but do no damage.
Your hands burn!
The jelly is moderately wounded.
The jelly closely misses you.
You hit the jelly but do no damage. The acid corrodes you!
Your hands burn!
The jelly is moderately wounded.
The jelly hits you.
You are splashed with acid!
The jelly hits you. The acid corrodes you!
You are splashed with acid!
You hit the jelly but do no damage.
Your hands burn!
The jelly is moderately wounded.
The jelly closely misses you.
You hit the jelly but do no damage.
Your hands burn!
The jelly is moderately wounded.
The jelly closely misses you.
You hit the jelly.
Your hands burn!
The jelly is heavily wounded.
The jelly hits you.
You are splashed with acid.
You hit the jelly but do no damage. The acid corrodes you!
Your hands burn!
The jelly is heavily wounded.
The jelly closely misses you.
You hit the jelly but do no damage.
Your hands burn!
The jelly is heavily wounded.
The jelly hits you.
You are splashed with acid!
* * * LOW HITPOINT WARNING * * *
You hit the jelly.
Your hands burn!
* * * LOW HITPOINT WARNING * * *
The jelly is severely wounded.
The jelly hits you. The acid corrodes you!
You are splashed with acid!
* * * LOW HITPOINT WARNING * * *
You hit the jelly but do no damage.
Your hands burn!
The jelly is severely wounded.
The jelly hits you.
* * * LOW HITPOINT WARNING * * *
You are splashed with acid!
You die...

###* ,, ...
#########***
####.######........
..<................ ,
, ,
......J@........... ,,
*
.#.#.#....#.#########,
#[##.#.........# * , *
,#.#.......####.# , *,
, , #.#[.####...<# **
* , #.#..######### ,
#.#..........#,,, ,
#:#.########.# ,
#.#..........#, ,


You could see a jelly.

Vanquished Creatures
  Grinder (D:3)
  Sigmund (D:2)
  A black bear (D:5)
  A sky beast (D:5)
  A necrophage (D:5)
  Blork the orc (D:5)
  A wyvern zombie (D:5)
  A scorpion (D:5)
  A wyvern skeleton (D:5)
  A jelly (D:3)
  Jessica (D:3)
  Natasha (thrice) (D:2)
  An adder (D:3)
  A white imp (D:3)
  A worm (D:5)
  9 orcs
  4 ball pythons
  8 bats
  2 bat zombies (D:3)
  6 endoplasms
  A giant cockroach (D:1)
  11 goblins
  6 hobgoblins
  3 quokkas
  2 frilled lizards
  8 kobolds
  9 rats
  A rat zombie (D:3)
87 creatures vanquished.

Vanquished Creatures (others)
  16 plants (D:1)
16 creatures vanquished.

Grand Total: 103 creatures vanquished

Notes
Turn   | Place    | Note
-------+----------+-------------------------------------------
     0 | D:1      | bromine the Deep Dwarf Berserker began the quest for the
                  | Orb.
     0 | D:1      | Reached XP level 1. HP: 20/20 MP: 1/1
    71 | D:1      | Reached XP level 2. HP: 25/27 MP: 2/2
   371 | D:1      | Reached ** piety under Trog
   501 | D:1      | Reached XP level 3. HP: 30/34 MP: 3/3
   976 | D:2      | Reached skill level 4 in Axes
  1022 | D:2      | Noticed Natasha
  1028 | D:2      | Killed Natasha
  1105 | D:2      | Reached XP level 4. HP: 31/42 MP: 4/4
  1126 | D:2      | Noticed Natasha
  1138 | D:2      | Killed Natasha
  1246 | D:2      | Noticed Sigmund
  1276 | D:2      | Killed Sigmund
  1277 | D:2      | Reached skill level 5 in Axes
  1277 | D:2      | Reached XP level 5. HP: 49/50 MP: 5/5
  1465 | D:2      | Noticed Natasha
  1478 | D:2      | Killed Natasha
  1479 | D:2      | Reached XP level 6. HP: 51/57 MP: 5/5
  1564 | D:2      | Found a faded altar of an unknown god.
  1667 | D:3      | Noticed Grinder
  1680 | D:3      | Paralysed by Grinder for 7 turns
  1698 | D:3      | Paralysed by Grinder for 7 turns
  1706 | D:3      | Killed Grinder
  1707 | D:3      | Reached skill level 6 in Axes
  1719 | D:3      | Found an ancient bone altar of Kikubaaqudgha.
  1866 | D:3      | Found a shadowy altar of Dithmenos.
  1873 | D:3      | Reached *** piety under Trog
  1882 | D:3      | Identified the +1 short sword of Saltpetre {flame, *Noise
                  | Will+ Int+7}
  1889 | D:3      | Reached XP level 7. HP: 60/66 MP: 6/6
  1940 | D:3      | Found a hide-covered altar of Uskayaw.
  2007 | D:3      | Found a snail-covered altar of Cheibriados.
  2013 | D:3      | Noticed Jessica
  2022 | D:3      | Killed Jessica
  2648 | D:4      | You fall into a shaft and drop 1 floor!
  2648 | D:5      | Entered Level 5 of the Dungeon
  2790 | D:5      | Noticed Blork the orc
  2804 | D:5      | Killed Blork the orc
  2899 | D:5      | Found a broken altar of Ashenzari.
  2991 | D:5      | Reached skill level 1 in Polearms
  3067 | D:5      | Found an opulent altar of Gozag.
  3246 | D:5      | Reached skill level 5 in Armour
  3446 | D:5      | Reached XP level 8. HP: 37/73 MP: 5/5
  3835 | D:6      | Splashed by a jelly's acid

Illustrated notes

Levels and vault maps discovered:
D:1:      onia_arrival_handbag, layout_rooms, serial_forest,
          infiniplex_forest_clump_long, infiniplex_forest_clump_double,
          infiniplex_forest_clump_small, infiniplex_forest_clump_small,
          infiniplex_forest_straight_4, minmay_misc_feat_chi,
          minmay_door_square, serial_bayou_lagoon_a, grunt_decor_cap
D:2:      layout_rooms, shapermc_ecumenical_altar_mp_vishouse,
          chequers_serial_rivers_marsh, uniq_sigmund, uniq_natasha
D:3:      layout_loops_ring, amcnicky_altar_gilded,
          nicolae_dithmenos_shadow_blocks, mainiacjoe_overflow_tiny_flanked,
          lemuel_zombie_altar_kikubaaqudgha, uniq_jessica, uniq_grinder
D:4:      layout_rooms, okawaru_metal_pillars_3
D:5:      layout_loops_corners, general_overflow_altar,
          nicolae_ashenzari_panopticon, chequers_serial_rivers_small_3,
          uniq_blork_the_orc
D:6:      layout_basic, minmay_temple_entry_statues, gammafunk_ghost_arena,
          kennysheep_nondescript

Skill      XL: |  1  2  3  4  5  6  7 |
---------------+----------------------+-----
Fighting       | 3 4 |  4.8
Axes           | 4 5 6 |  6.9
Armour         | 3 4 5 |  5.4
Dodging        | 3 |  3.5
Polearms       | 2 |  2.6
Stealth        | |  0.5

Action                   |  1- 3 |  4- 6 |  7- 9 || total
-------------------------+-------+-------+-------++-------
Melee: Hand axe          |    98 |    71 |    40 ||   209
       Punch             |       |     3 |     3 ||     6
       Trident           |       |       |   115 ||   115
Invok: Berserk           |       |     2 |     2 ||     4
 Abil: Heal Wounds       |     1 |     3 |     5 ||     9
  Use: Scroll            |     2 |     2 |     8 ||    12
Armor: Animal skin       |     3 |       |       ||     3
       Chain mail        |    52 |    98 |   108 ||   258
Dodge: Dodged            |    48 |    64 |    72 ||   184
